Map: 机械城 - 天梯版

Players

Dark - Winner!

  • Race: Zerg Zerg
  • League: Gold

Has

  • Race: Protoss Protoss

Event: WESG 2018 Grand Finals

VOD

Have the link to the VOD?

Description

Time

  • Played on: March 11, 2019, 1:22 a.m.
  • Length: 9:02

All games in this series

Show
View Real Time Build Order
Export as new Build Order

Dark Zerg - Winner!

Build Orders: Hatch First 

Get SALT Encoding   

  12  0:01  Drone  
  13  0:13  Overlord  
  13  0:18  Drone  
  14  0:32  Drone x2  
  16  0:37  Drone  
  17  0:53  Hatchery  
  17  0:56  Drone  
  17  0:59  Drone  
  18  1:10  Extractor  
  17  1:14  Spawning Pool  
  16  1:20  Drone  
  16  1:22  Drone  
  18  1:31  Drone  
  19  1:41  Drone  
  20  1:48  Hatchery  
  20  1:53  Drone  
  20  2:05  Queen, Drone  
  20  2:07  Zergling x2  
  24  2:16  Queen  
  26  2:23  Overlord  
  26  2:27  Drone  
  26  2:29  Drone  
  28  2:41  Zergling x2  
  28  2:42  Drone  
  28  2:43  Drone  
  31  2:52  Queen  
  31  2:55  Drone  
  31  2:56  Drone  
  35  3:01  Queen  
  35  3:05  Overlord  
  37  3:09  Drone  
  37  3:18  Overlord  
  37  3:19  Drone x3  
  41  3:20  Drone  
  41  3:23  Drone x2  
  43  3:32  Lair  
  43  3:34  Roach Warren, Drone  
  43  3:38  Drone  
  43  3:41  Drone  
  45  3:44  Drone x2, Extractor  
  45  3:46  Drone  
  45  3:55  Drone  
  45  3:56  Drone x3  
  45  3:57  Drone x2  
  45  3:58  Drone  
  45  4:01  Extractor  
  51  4:03  Drone x2  
  53  4:10  Drone  
  53  4:11  Drone x4  
  58  4:19  Extractor  
  58  4:21  Overlord  
  58  4:24  Drone  
  58  4:28  Overlord x2  
  58  4:40  Roach  
  58  4:41  Roach x3  
  58  4:42  Glial Reconstitution  
  66  4:46  Roach x4  
  66  4:47  Overlord  
  66  4:51  Spine Crawler  
  73  4:53  Overseer  
  73  4:54  Roach  
  73  4:55  Roach  
  73  4:58  Overseer  
  77  5:01  Roach  
  77  5:06  Roach x2  
  80  5:15  Roach x3  
  80  5:16  Roach  
  80  5:20  Roach  
  87  5:32  Drone x3  
  87  5:35  Drone x3  
  89  5:46  Overseer  
  89  5:48  Drone  
  90  5:52  Overlord x3  
  90  6:00  Overlord  
  90  6:06  Overlord  
  90  6:07  Evolution Chamber  
  89  6:11  Drone  
  89  6:12  Drone x2  
  89  6:13  Roach x3  
  89  6:15  Roach x2  
  102  6:20  Roach  
  102  6:22  Roach x2  
  108  6:26  Ravager x4  
  108  6:27  Roach x2  
  108  6:32  Roach x2  
  120  6:35  Roach  
  122  6:41  Roach x2  
  122  6:42  Roach x2  
  122  6:47  Overlord x2  
  130  6:57  Overlord  
  122  7:11  Roach x3  
  122  7:14  Roach x3  
  124  7:15  Roach x2  
  124  7:17  Roach  
  124  7:19  Roach x2  
  124  7:21  Drone x2  
  124  7:22  Drone x2  
  129  7:24  Drone x2  
  129  7:26  Drone  
  132  7:33  Roach x2  
  132  7:36  Roach x2  
  138  7:38  Roach  
  138  7:41  Roach  
  134  7:52  Roach  
  134  7:53  Roach  
  134  7:55  Roach x5  
  134  7:58  Roach x2  
  144  7:59  Roach  
  140  8:11  Roach  
  140  8:12  Roach x2  
  144  8:14  Roach x2, Zergling x4  
  138  8:24  Roach x2  
  135  8:31  Roach  
Show
View Real Time Build Order
Export as new Build Order

Has Protoss 

Build Orders: 1 Gate Expand, Chargelot Immortal, Dark Templar Rush 

Get SALT Encoding   

  12  0:00  Probe  
  13  0:12  Probe  
  14  0:19  Pylon  
  14  0:25  Probe  
  15  0:35  Probe  
  15  0:40  Gateway  
  16  0:43  Probe  
  17  0:52  Probe  
  18  0:57  Assimilator  
  18  1:01  Probe  
  19  1:09  Probe  
  20  1:27  Nexus  
  20  1:37  Cybernetics Core  
  20  1:39  Probe  
  21  1:48  Assimilator  
  21  1:51  Probe  
  22  1:55  Pylon  
  22  2:03  Adept, Probe  
  23  2:13  Warp Gate  
  25  2:16  Probe  
  26  2:28  Probe  
  27  2:33  Stalker  
  29  2:39  Probe  
  29  2:40  Probe  
  29  2:42  Twilight Council  
  31  2:51  Probe  
  32  2:52  Probe  
  32  2:58  Robotics Facility  
  33  3:03  Probe  
  33  3:04  Probe  
  35  3:15  Probe  
  35  3:16  Probe, Charge  
  37  3:24  Gateway  
  37  3:27  Probe  
  37  3:28  Probe  
  37  3:31  Gateway  
  39  3:38  Gateway  
  39  3:39  Probe  
  39  3:40  Probe  
  41  3:46  Warp Prism  
  41  3:51  Probe  
  41  3:52  Probe  
  41  3:56  Dark Shrine  
  43  4:03  Pylon  
  43  4:05  Probe x2  
  46  4:20  Pylon  
  46  4:23  Pylon, Observer  
  45  4:27  Zealot x3  
  52  4:38  Nexus  
  52  4:40  Pylon  
  52  4:52  Zealot x4  
  60  4:55  Immortal  
  60  4:59  Probe x2  
  66  5:15  Dark Templar x2  
  66  5:17  Probe  
  66  5:18  Probe  
  72  5:21  Immortal  
  72  5:30  Probe x2  
  72  5:42  Probe  
  73  5:43  Gateway  
  73  5:44  Gateway  
  73  5:45  Sentry, Gateway  
  73  5:49  Gateway  
  73  5:50  Warp Prism  
  73  5:56  Sentry  
  77  6:04  Zealot x2  
  81  6:12  Pylon, Zealot  
  81  6:13  Pylon  
  81  6:18  Shield Battery  
  83  6:23  Dark Templar  
  85  6:25  Pylon  
  85  6:27  Zealot x2, Immortal  
  89  6:33  Archon  
  89  6:34  Zealot  
  95  6:44  Pylon  
  95  6:48  Zealot x5  
  95  6:50  Zealot  
  107  7:07  Zealot  
  105  7:09  Immortal  
  83  7:21  Zealot  
  83  7:22  Zealot x7  
  86  7:28  Probe x2  
  88  7:38  Immortal  
  88  7:40  Probe  
  88  7:42  Zealot  
  88  7:43  Zealot x7  
  83  8:02  Zealot  
  83  8:03  Zealot x7  
  69  8:23  Zealot x6  
  69  8:24  Zealot x2  
Tags
 
Add a new tag
Caveats
  • Supply blocks, unpowered buildings, or Contaminate may cause inaccurate times.
  • Supply counts are checked every 10 seconds.